 Dungeon Crawl Stone Soup version 0.32-a0-30-gefbe487952 (webtiles) character file.

Game seed: 16985110175276653767

552 Sweetruy1997 the Ducker (level 7, -1/67 HPs)
             Began as a Troll Gladiator on Jan 16, 2024.
             Was a Follower of Nemelex Xobeh.
             Slain by a bullfrog simulacrum (8 damage)
             ... on level 5 of the Dungeon on Jan 19, 2024.
             The game lasted 00:12:34 (3260 turns).

Sweetruy1997 the Ducker (Troll Gladiator)           Turns: 3260, Time: 00:12:35

Health: -1/67      AC:  4    Str: 23    XL:     7   Next: 8%
Magic:  6/6        EV: 11    Int:  6    God:    Nemelex Xobeh [*.....]
Gold:   281        SH:  0    Dex: 11    Spells: 6/6 levels left

rFire   . . .        e - +2 whip (elec)
rCold   . . .        (no shield)
rNeg    . . .        a - +0 robe
rPois   .            b - +0 hat
rElec   .            p - scarf {repulsion}
rCorr   +            (gloves unavailable)
SInv    .            (boots unavailable)
Will    .....        (no amulet)
Stlth   +            o - ring of resist corrosion
HPRegen 1.11/turn    (no ring)
MPRegen 0.10/turn

%: repel missiles
@: no status effects
A: large, unfitting armour, claws 3, regeneration 1, shaggy fur 1, tough skin 1
a: Renounce Religion, Draw Escape, Draw Destruction, Draw Summoning


You were on level 5 of the Dungeon.
You worshipped Nemelex Xobeh.
Nemelex Xobeh was aware of your devotion.
You visited 2 branches of the dungeon, and saw 6 of its levels.

You collected 281 gold pieces.

Inventory:

Hand Weapons
 e - a +2 whip of electrocution (weapon)
Armour
 a - a +0 robe (worn)
 b - a +0 hat (worn)
 p - a scarf of repulsion (worn)
Jewellery
 o - a ring of resist corrosion (left claw)
Scrolls
 d - a scroll of revelation
 f - a scroll of teleportation {unknown}
 g - 4 scrolls of blinking
 h - a scroll of fog
 j - a scroll of identify
 l - a scroll of noise {unknown}
 m - a scroll of poison {unknown}
Potions
 c - a potion of haste {unknown}
 i - a potion of might {unknown}
 q - a potion of brilliance {unknown}
 r - a potion of lignification {unknown}


   Skills:
 + Level 3.2 Fighting
 - Level 2.2 Short Blades
 + Level 1.8 Maces & Flails
 + Level 2.4 Throwing
 + Level 4.3 Dodging
 - Level 1.0 Stealth
 - Level 3.4 Unarmed Combat


You had 6 spell levels left.
You didn't know any spells.
Your spell library contained the following spells:

 Spells                   Type           Power      Damage    Failure   Level
 Dazzling Flash           Conj/Hex       0%         N/A       83%         3
 Inner Flame              Hex/Fire       0%         N/A       83%         3
 Volatile Blastmotes      Fire/Tloc      0%         2d10      83%         3
 Irradiate                Conj/Alch      0%         3d11      100%        5
 Starburst                Conj/Fire      0%         6d3       100%        6
 Ignition                 Fire           0%         3d3       100%        8
 Maxwell's Capacitive Co  Air            0%         ∞         100%        8
 Chain Lightning          Conj/Air       0%         N/A       100%        9
 Fire Storm               Conj/Fire      0%         5d1       100%        9
 Shatter                  Erth           0%         3d5*      100%        9


Dungeon Overview and Level Annotations

Branches:
Dungeon (5/15)             Temple (1/1) D:5

Altars:
Ashenzari
Cheibriados
Fedhas
Makhleb
Nemelex Xobeh
Okawaru
Qazlal
Ru
Sif Muna
Trog
Uskayaw
Wu Jian
Xom
Yredelemnul

Annotations:
D:5 Xavori's ghost, novice DjCK


Innate Abilities, Weirdness & Mutations

You are too large for most types of armour.
You have claws for hands.
Your natural rate of healing is unusually fast.
You are covered in fur. (AC +1)
You have tough skin. (AC +1)


Message History

You draw a card...
You have drawn Velocity.
Xavori's ghost seems to slow down.
The howler monkey simulacrum seems to slow down.
The white imp seems to slow down.
The deck of cards glows with a rainbow of weird colours and disappears.
The sentinel's mark upon you fades away.
The howler monkey closely misses you. Xavori's ghost hits you!
The howler monkey hoots and howls with incredible vigour!
The howler monkey attacks as it pursues you!
The howler monkey misses you.
The bombardier beetle bites you but does no damage.
The howler monkey attacks as it pursues you!
The howler monkey barely misses you. The howler monkey closely misses you.
The bombardier beetle waves its antennae.
The bombardier beetle attacks as it pursues you!
The bombardier beetle misses you. The howler monkey closely misses you.
The howler monkey attacks as it pursues you!
The howler monkey barely misses you. The howler monkey closely misses you.
The bullfrog simulacrum hits you but does no damage.
Xavori's ghost is no longer moving slowly.
The bullfrog simulacrum hits you. The bullfrog simulacrum freezes you!
The bullfrog simulacrum misses you.
The bullfrog simulacrum attacks as it pursues you!
The bullfrog simulacrum hits you but does no damage.
The howler monkey hoots and howls with incredible vigour!
The bullfrog simulacrum hits you. The bullfrog simulacrum freezes you!
The bullfrog simulacrum hits you. The bullfrog simulacrum freezes you.
* * * LOW HITPOINT WARNING * * *
The bullfrog simulacrum is no longer moving quickly.
The bullfrog simulacrum hits you.
* * * LOW HITPOINT WARNING * * *
The bullfrog simulacrum freezes you.
* * * LOW HITPOINT WARNING * * *
The howler monkey hoots and howls with incredible vigour!
The bullfrog simulacrum hits you.
* * * LOW HITPOINT WARNING * * *
The bullfrog simulacrum freezes you!
You die...
Your body glows slightly and disappears.

# ## ### .# ####.### .##
########......# 5.#
#.....#.....#.# #.####
#.....#..##.#.# #Y...#
#.....#..#..#.# #....#
##.....#@##.##.#
#....####W.Y.h.Z.##.##.#
##........B....#.#..##.##
#....[.................#
##......................#
#....#............).....#
.....>........#.##..###.#
.#....##................#
...........#.#....#.##..#


You could see an ice beast, a howler monkey, a bombardier beetle, Xavori's ghost
and a bullfrog simulacrum.

Vanquished Creatures
  An ice beast (D:5)
  An ogre (D:5)
  A weeping skull (D:3)
  A scorpion (D:5)
  A jelly (D:5)
  An iguana (D:5)
  An orc wizard (D:4)
  A centaur simulacrum (D:5)
  A bullfrog simulacrum (D:5)
  4 adders
  4 dart slugs
  3 ribbon worms
  2 orcs (D:4)
  4 ball pythons
  6 endoplasms
  4 giant cockroaches
  12 goblins
  8 hobgoblins
  A jackal (D:2)
  5 quokkas
  7 bats
  6 kobolds
  2 rats
  A spectral orc (D:3)
78 creatures vanquished.

Vanquished Creatures (collateral kills)
  A hound simulacrum (D:5)
1 creature vanquished.

Grand Total: 79 creatures vanquished

Notes
Turn   | Place    | Note
-------+----------+-------------------------------------------
     0 | D:1      | Sweetruy1997 the Troll Gladiator began the quest for the
                  | Orb.
     0 | D:1      | Reached XP level 1. HP: 19/19 MP: 0/0
   126 | D:1      | Reached XP level 2. HP: 28/28 MP: 1/1
   380 | D:1      | Found a faded altar of an unknown god.
   876 | D:2      | Reached XP level 3. HP: 35/35 MP: 2/2
  1025 | D:2      | Reached skill level 3 in Dodging
  1154 | D:2      | Reached XP level 4. HP: 42/42 MP: 3/3
  1651 | D:3      | Found a sparkling altar of Nemelex Xobeh.
  1755 | D:3      | Became a worshipper of Nemelex Xobeh the Trickster
  1779 | D:3      | Reached skill level 1 in Short Blades
  2173 | D:3      | Found a basalt altar of Yredelemnul.
  2173 | D:3      | Noticed a weeping skull
  2221 | D:3      | Killed a weeping skull
  2222 | D:3      | Reached XP level 5. HP: 27/48 MP: 4/4
  2578 | D:4      | Reached * piety under Nemelex Xobeh
  2775 | D:4      | Received a gift from Nemelex Xobeh
  2947 | D:5      | Entered Level 5 of the Dungeon
  2947 | D:5      | Noticed an ice beast
  2948 | D:5      | Noticed Xavori's ghost (novice DjCK)
  2980 | D:5      | Reached skill level 1 in Stealth
  2980 | D:5      | Reached XP level 6. HP: 48/59 MP: 5/5
  2988 | D:5      | Found a staircase to the Ecumenical Temple.
  3014 | Temple   | Entered the Ecumenical Temple
  3022 | D:5      | Reached skill level 1 in Maces & Flails
  3027 | D:5      | Upgraded the game from 0.32-a0-18-g89e19f1974 to
                  | 0.32-a0-30-gefbe487952
  3096 | D:5      | Reached skill level 4 in Dodging
  3215 | D:5      | Noticed an ice beast
  3216 | D:5      | an ice beast changed into a giant cockroach
  3218 | D:5      | Found a runed translucent gate.
  3218 | D:5      | Found a runed translucent gate.
  3218 | D:5      | Found a runed translucent gate.
  3226 | D:5      | Noticed an ice beast
  3234 | D:5      | Killed an ice beast
  3235 | D:5      | Reached XP level 7. HP: 41/67 MP: 6/6
  3260 | D:5      | Slain by a bullfrog simulacrum

Illustrated notes

Levels and vault maps discovered:
D:1:      dpeg_arrival_solitude, layout_basic,
          dreamdust_ecumenical_altar_angels_and_demons, serial_corexii_hall,
          corexii_hall_statues_i, corexii_hall_statues_s,
          corexii_hall_statues_i, chequers_hall_statues_wall_a,
          nicolae_figureground_pulse
D:2:      layout_loops_ring, minmay_domino_2
D:3:      layout_basic, yredelemnul_forgotten_temple_becter,
          mainiacjoe_overflow_small_starburst, minmay_goblin_outpost
D:4:      layout_gridville
D:5:      layout_rooms, minmay_temple_entry_ruins, gammafunk_ghost_icy
Temple:   nicolae_temple_no_exploring_needed

Skill      XL: |  1  2  3  4  5  6 |
---------------+-------------------+-----
Throwing       | 2 |  2.4
Dodging        | 3 4 |  4.3
Fighting       | 2 3 |  3.2
Short Blades   | 1 2 |  2.2
Stealth        | 1 |  1.0
Maces & Flails | 1 |  1.8
Unarmed Combat | |  3.4

Action                     |  1- 3 |  4- 6 |  7- 9 || total
---------------------------+-------+-------+-------++-------
  Melee: Unarmed           |    35 |       |       ||    35
         Dagger            |    57 |   129 |       ||   186
         Punch             |     2 |     6 |       ||     8
         Whip              |       |    27 |     5 ||    32
  Throw: Throwing net      |    14 |       |       ||    14
         Large rock        |     7 |       |       ||     7
 Invoke: Draw Destruction  |       |     4 |     1 ||     5
         Draw Escape       |       |       |     1 ||     1
         Draw Summoning    |       |       |     1 ||     1
    Use: Potion            |       |     3 |       ||     3
         Scroll            |       |     5 |       ||     5
   Stab: Held in net/web   |     3 |       |       ||     3
         Sleeping          |     1 |       |       ||     1
         Distracted        |       |     1 |       ||     1
 Armour: Robe              |    44 |    83 |    13 ||   140
  Dodge: Dodged            |    48 |    77 |    17 ||   142
         Repelled          |       |     2 |       ||     2

Table legend: (Time is in decaauts)
 A = Elapsed time spent in this place.
 B = Non-inter-level travel time spent in this place.
 C = Inter-level travel time spent in this place.
 D = Time resting spent in this place.
 E = Time spent auto-exploring this place.
 F = Levels seen in this place.
 G = Mean time per level.
                   A        B        C        D        E       F      G
               +--------+--------+--------+--------+--------+-----+--------+
         Total |   3258 |   3132 |    126 |      0 |   2443 |   6 |  543.0 |
       Dungeon |   3256 |   3130 |    126 |      0 |   2443 |   5 |  651.2 |
        Temple |      1 |      1 |      0 |      0 |      0 |   1 |    1.0 |
               +--------+--------+--------+--------+--------+-----+--------+

Top non-repeatable levels by time:
     D:3: 925 daAuts
     D:1: 817 daAuts
     D:2: 679 daAuts
     D:4: 521 daAuts
     D:5: 312 daAuts
  Temple: 1 daAuts
